Map: Dusty Gorge

Players

predatorcl

  • Race: Terran Terran
  • Spawn Location: 11:00

GeeBuzz

  • Race: Zerg Zerg
  • Spawn Location: 9:00

MonstroTown - Winner!

  • Race: Terran Terran
  • Spawn Location: 5:00

Michael - Winner!

  • Race: Zerg Zerg
  • League: Gold
  • Spawn Location: 3:00

VOD

Have the link to the VOD?

Description

Time

  • Played on: Sept. 10, 2018, 6:30 p.m.
  • Length: 10:14
Show
View Real Time Build Order
Export as new Build Order

predatorcl Terran 

Build Orders:  

Get SALT Encoding   

  12  0:01  SCV  
  13  0:13  SCV  
  14  0:19  Supply Depot  
  14  0:25  SCV  
  15  0:43  Barracks  
  15  0:50  SCV  
  15  0:55  Refinery  
  16  1:03  SCV  
  17  1:21  SCV  
  18  1:32  Supply Depot, Marine  
  19  1:34  Orbital Command  
  19  1:40  Bunker  
  19  1:46  Refinery  
  19  1:50  Marine  
  20  1:59  Factory  
  20  2:03  SCV  
  20  2:08  Marine  
  22  2:15  SCV  
  22  2:20  Bunker  
  23  2:28  SCV  
  23  2:29  Marine  
  25  2:41  SCV  
  25  2:43  Factory Tech Lab  
  26  2:51  Starport  
  26  2:53  SCV, Marine  
  28  3:13  Command Center  
  28  3:23  Siege Tank  
  31  3:29  Starport Reactor  
  31  3:38  Supply Depot  
  31  4:00  SCV, Marine  
  31  4:01  Supply Depot  
  33  4:12  SCV  
  33  4:16  Siege Tank  
  37  4:17  Viking  
  37  4:22  Marine  
  40  4:24  SCV  
  40  4:25  Supply Depot  
  40  4:30  Orbital Command  
  41  4:36  SCV  
  42  4:44  Marine  
  43  4:47  Viking  
  43  4:48  Siege Tank  
  48  4:55  Viking  
  50  5:00  SCV x2  
  52  5:12  SCV x2  
  54  5:15  Engineering Bay  
  54  5:21  Barracks  
  54  5:24  SCV x2  
  56  5:34  Refinery  
  56  5:35  Refinery  
  56  5:36  SCV  
  56  5:37  Viking  
  56  5:42  Siege Tank  
  62  5:44  Marine  
  62  5:48  SCV  
  62  5:49  Terran Infantry Weapons Level 1  
  64  6:01  Ghost Academy  
  64  6:13  Barracks Tech Lab  
  64  6:14  Siege Tank  
  64  6:15  Supply Depot  
  67  6:23  Viking  
  69  6:28  Supply Depot  
  69  6:30  Supply Depot  
  69  6:32  SCV  
  70  6:37  Viking  
  72  6:44  Personal Cloaking, SCV  
  73  6:50  Ghost  
  73  6:53  Barracks Tech Lab  
  75  6:56  SCV  
  76  7:04  Ghost Academy  
  76  7:08  SCV  
  56  8:35  Ghost  
  56  8:36  Ghost  
  56  8:40  Nuke  
  60  8:42  Nuke  
  60  8:43  Siege Tank  
  60  8:45  Viking x2  
  67  9:04  Ghost  
Show
View Real Time Build Order
Export as new Build Order

GeeBuzz Zerg 

Build Orders: Hatch First 

Get SALT Encoding   

  12  0:01  Drone  
  13  0:13  Drone  
  14  0:22  Extractor x2, Drone  
  14  0:23  Drone  
  16  0:33  Overlord  
  16  0:53  Hatchery  
  15  0:57  Drone x2  
  17  1:16  Spawning Pool  
  16  1:19  Drone  
  16  1:20  Drone  
  18  1:26  Overlord  
  18  1:50  Hatchery  
  17  1:56  Drone  
  17  1:57  Drone x2  
  20  2:15  Queen x2  
  24  2:21  Drone  
  24  2:22  Drone  
  26  2:50  Queen x2  
  30  2:59  Drone  
  30  3:00  Drone x5  
  30  3:03  Overlord  
  36  3:08  Queen  
  38  3:32  Queen  
  38  3:33  Queen  
  42  3:43  Drone  
  42  3:44  Queen, Drone x3  
  42  3:45  Drone x2  
  42  3:47  Overlord  
  50  4:25  Extractor  
  50  4:27  Extractor x2  
  50  4:28  Extractor x2  
  50  4:29  Drone  
  50  4:30  Extractor, Drone x8  
  50  4:31  Drone  
  54  4:34  Drone x3  
  54  4:35  Drone  
  54  4:36  Overlord x4  
  58  4:58  Drone x2  
  60  5:00  Drone x4  
  60  5:06  Drone x3  
  60  5:07  Drone  
  68  5:24  Lair  
  68  5:25  Metabolic Boost  
  68  5:27  Overlord  
  68  5:28  Overlord x2  
  68  5:29  Drone x5  
  68  5:30  Drone x2  
  75  5:56  Evolution Chamber  
  74  5:57  Evolution Chamber  
  74  5:58  Drone x2  
  74  6:03  Drone  
  76  6:07  Hatchery  
  76  6:10  Drone  
  76  6:11  Drone x4  
  79  6:14  Drone x2  
  82  6:26  Drone x2, Spire  
  82  6:27  Spire  
  82  6:31  Zerg Melee Weapons Level 1  
  82  6:32  Overlord x5  
  82  6:35  Drone  
  83  6:40  Drone x2  
  83  6:44  Hatchery  
  83  6:45  Extractor  
  83  6:47  Extractor  
  82  7:05  Zergling x2  
  82  7:06  Zergling x26  
  96  7:21  Zergling x2  
  96  7:22  Zergling x16  
  72  7:48  Zergling x6  
  72  7:49  Zergling x6  
  72  7:50  Mutalisk x11  
  73  7:59  Spawning Pool, Lair  
  73  8:01  Spire  
  73  8:02  Queen  
  67  8:20  Mutalisk x3  
  67  8:21  Mutalisk x3  
  77  8:28  Queen  
  77  8:33  Drone x4  
  77  8:34  Drone  
  80  9:06  Mutalisk x8  
  80  9:08  Drone  
  80  9:09  Queen  
  99  9:27  Zergling x2  
  99  9:28  Zergling x4  
  70  9:49  Zergling x8  
  70  9:50  Zergling x4  
Show
View Real Time Build Order
Export as new Build Order

MonstroTown Terran - Winner!

Build Orders: Reaper Expand 

Get SALT Encoding   

  12  0:01  SCV  
  13  0:13  SCV  
  14  0:18  Supply Depot  
  14  0:25  SCV  
  15  0:40  SCV  
  15  0:42  Barracks  
  16  0:46  Refinery  
  16  0:52  SCV  
  18  1:04  SCV  
  18  1:16  SCV  
  19  1:29  Reaper  
  19  1:30  Orbital Command  
  20  1:46  Command Center  
  20  1:56  SCV  
  20  2:00  Refinery  
  21  2:05  Barracks Reactor  
  21  2:07  Supply Depot  
  21  2:09  SCV  
  22  2:21  SCV  
  23  2:28  Factory  
  23  2:33  SCV  
  24  2:42  Marine x2  
  24  2:55  Barracks  
  24  2:56  Barracks  
  24  3:01  Orbital Command  
  24  3:11  Marine x2  
  26  3:15  Factory Tech Lab  
  26  3:19  SCV  
  27  3:29  SCV, Marine x2  
  30  3:36  Siege Tank  
  33  3:44  Starport  
  33  3:45  Barracks Reactor  
  33  3:47  Barracks Reactor  
  33  3:50  SCV  
  33  3:52  SCV  
  35  3:59  Marine x2  
  35  4:02  SCV  
  38  4:04  SCV  
  39  4:12  Siege Tank  
  39  4:16  Engineering Bay  
  42  4:17  SCV x2  
  42  4:21  Liberator, Marine x2  
  46  4:32  Supply Depot  
  49  4:39  Marine x2  
  49  4:42  Terran Infantry Weapons Level 1  
  51  4:54  SCV  
  51  4:55  SCV  
  51  4:56  Marine x2  
  51  4:59  Barracks Tech Lab  
  55  5:00  Marine  
  55  5:01  Marine  
  57  5:08  Siege Tank  
  57  5:11  SCV x2  
  62  5:17  Marine  
  62  5:18  Supply Depot  
  62  5:20  Supply Depot  
  63  5:22  Marine  
  63  5:23  SCV, Marine x2  
  63  5:26  Stimpack  
  67  5:31  Marauder  
  69  5:38  SCV  
  69  5:39  SCV  
  71  5:51  Engineering Bay  
  71  5:52  Armory, Marine x3  
  71  5:54  Marine  
  75  6:12  Marine  
  75  6:13  Marine x2  
  75  6:15  SCV  
  75  6:16  SCV  
  80  6:19  Refinery x2  
  80  6:22  Terran Infantry Armor Level 1  
  80  6:25  Barracks  
  80  6:27  SCV  
  81  6:37  Supply Depot  
  81  6:39  Supply Depot  
  81  6:46  SCV x2  
  83  6:47  Marine x3  
  86  6:59  SCV, Marauder, Marine  
  86  7:00  Supply Depot  
  86  7:01  Supply Depot  
  90  7:21  Marauder  
  71  7:41  Marine x2  
  71  7:42  Marauder, Marine x3  
  75  7:44  Medivac x2  
  77  8:09  Command Center, Marine x3  
  75  8:24  Missile Turret  
  70  8:28  Missile Turret  
  60  8:35  Marine x4  
  64  8:44  Barracks x2  
  64  8:47  Barracks  
  64  8:49  Barracks  
  64  9:00  Marine  
  64  9:01  Marine x2  
  64  9:02  Barracks Reactor  
  64  9:05  Thor  
  60  10:10  Barracks Reactor x3  
  60  10:11  Barracks Reactor  
Show
View Real Time Build Order
Export as new Build Order

Michael Zerg - Winner!

Build Orders: Hatch First 

Get SALT Encoding   

  12  0:01  Drone  
  13  0:13  Overlord  
  13  0:18  Drone  
  14  0:31  Drone x2  
  14  0:35  Drone  
  17  0:45  Drone  
  18  0:57  Hatchery  
  18  1:00  Drone  
  18  1:10  Extractor  
  17  1:16  Spawning Pool  
  16  1:18  Drone  
  16  1:22  Drone  
  18  1:29  Drone  
  19  1:39  Drone  
  20  1:49  Overlord  
  20  2:03  Queen  
  22  2:09  Queen  
  22  2:11  Zergling x4  
  22  2:15  Drone  
  27  2:19  Drone  
  27  2:22  Drone  
  29  2:30  Drone  
  30  2:40  Drone  
  31  2:47  Metabolic Boost  
  31  2:56  Roach Warren, Drone x2  
  31  2:57  Drone x2  
  31  2:58  Spine Crawler  
  31  3:16  Zergling x8  
  35  3:25  Drone x2  
  36  3:27  Overlord  
  36  3:32  Overlord x2  
  36  3:38  Lair  
  36  3:42  Extractor  
  36  3:43  Drone  
  36  3:45  Drone  
  36  3:46  Drone  
  38  3:49  Drone  
  38  3:50  Drone  
  38  3:52  Evolution Chamber  
  39  3:56  Queen  
  41  4:04  Drone x3  
  42  4:18  Drone x6  
  42  4:22  Extractor x2  
  46  4:29  Drone  
  47  4:38  Queen  
  47  4:40  Glial Reconstitution  
  49  4:46  Zerg Ground Armor Level 1  
  49  4:49  Drone  
  49  4:51  Hatchery, Drone  
  49  4:52  Drone  
  51  5:02  Drone x5  
  56  5:14  Spire  
  56  5:15  Spore Crawler  
  56  5:18  Hydralisk Den  
  56  5:20  Drone x2  
  57  5:35  Roach  
  57  5:36  Roach  
  57  5:37  Overlord x3  
  57  5:39  Overlord  
  59  6:00  Roach  
  59  6:01  Roach x7  
  59  6:02  Roach  
  77  6:05  Roach  
  77  6:10  Overseer x2  
  79  6:14  Drone  
  79  6:15  Drone x3  
  83  6:19  Queen  
  85  6:33  Hydralisk x3  
  85  6:34  Hydralisk  
  85  6:37  Muscular Augments  
  93  6:42  Zerg Missile Weapons Level 1  
  93  6:54  Extractor x2  
  92  6:56  Spore Crawler x2  
  89  7:12  Roach x4  
  89  7:13  Overlord  
  89  7:14  Overlord x3  
  95  7:31  Overlord  
  95  7:32  Overlord x3  
  95  7:33  Hydralisk x2  
  99  7:43  Hydralisk  
  99  7:44  Hydralisk x2  
  97  7:46  Hydralisk  
  97  7:48  Grooved Spines  
  97  7:54  Hydralisk x2  
  97  7:56  Hydralisk  
  99  7:59  Hydralisk  
  99  8:05  Drone x3  
  102  8:13  Drone x7  
  102  8:15  Drone  
  102  8:17  Hatchery, Drone  
  100  8:30  Spore Crawler  
  100  8:31  Spore Crawler  
  98  8:35  Hydralisk x2  
  98  8:37  Zergling x2  
  98  8:38  Zergling x2  
  104  8:46  Hydralisk  
  104  8:47  Hydralisk x2  
  104  9:00  Hydralisk  
  104  9:01  Hydralisk x4  
  114  9:03  Hydralisk  
  114  9:05  Hydralisk  
  118  9:16  Drone x3  
  121  9:22  Hydralisk x4  
  121  9:23  Hydralisk  
  131  9:35  Hydralisk  
  131  9:36  Hydralisk x4  
Tags
 
Add a new tag
Caveats
  • Supply blocks, unpowered buildings, or Contaminate may cause inaccurate times.
  • Supply counts are checked every 10 seconds.